 Dungeon Crawl Stone Soup version 0.21.0-24-g2553a33 (webtiles) character file.

84 tidbits the Firebug (level 4, -4/32 HPs)
             Began as a Gnoll Fire Elementalist on Jan 19, 2018.
             Slain by a goblin (5 damage)
             ... led by Robin
             ... on level 3 of the Dungeon.
             The game lasted 00:03:37 (455 turns).

tidbits the Firebug (Gnoll Fire Elementalist)        Turns: 455, Time: 00:03:37

Health: -4/32      AC:  2    Str: 11    XL:     4   Next: 46%
Magic:  11/11      EV: 15    Int: 18    God:
Gold:   56         SH:  0    Dex: 15    Spells: 12/13 levels left

rFire    . . .     SeeInvis .   f - +0 short sword (venom)
rCold    . . .     Gourm    .   (no shield)
rNeg     . . .     Faith    .   a - +0 robe
rPois    .         Spirit   .   (no helmet)
rElec    .         Reflect  .   (no cloak)
rCorr    .         Harm     .   (no gloves)
MR       .....                  (no boots)
Stlth    +++.......             (no amulet)
HPRegen  0.10/turn              (no ring)
MPRegen  0.12/turn              (no ring)

@: lethally poisoned (-4 -> -7), hasted, very quick
A: distributed training, fangs 1, strong nose
a: no special abilities


You were on level 3 of the Dungeon.
You were not hungry.

You visited 1 branch of the dungeon, and saw 3 of its levels.

You collected 56 gold pieces.

Inventory:

Hand Weapons
 f - a +0 short sword of venom (weapon)
   (You found it on level 2 of the Dungeon)
 h - a +0 dagger
 k - a +2 whip of flaming
   (You took it off an orc on level 2 of the Dungeon)
Missiles
 d - 4 steel javelins (quivered)
 e - 39 sling bullets
Armour
 a - a +0 robe (worn)
Scrolls
 g - a scroll of teleportation {unknown}
 i - 2 scrolls of remove curse {unknown}
 j - a scroll of enchant armour {unknown}
 l - a scroll of enchant weapon {unknown}
Books
 b - a book of Flames

   Spells                             Type                      Level
   a - Flame Tongue                   Conjuration/Fire             1
   b - Throw Flame                    Conjuration/Fire             2
   c - Conjure Flame                  Conjuration/Fire             3
   d - Inner Flame                    Hexes/Fire                   3
   e - Sticky Flame                   Conjuration/Fire             4
   f - Fireball                       Conjuration/Fire             5
Comestibles
 c - a ration


   Skills:
 + Level 1.1 Fighting
 + Level 1.1 Short Blades
 + Level 1.1 Long Blades
 + Level 1.1 Axes
 + Level 1.1 Maces & Flails
 + Level 1.1 Polearms
 + Level 1.1 Staves
 + Level 1.1 Slings
 + Level 1.1 Bows
 + Level 1.1 Crossbows
 + Level 1.1 Throwing
 + Level 1.1 Armour
 + Level 4.6 Dodging
 + Level 4.2 Stealth
 + Level 1.1 Shields
 + Level 1.1 Unarmed Combat
 + Level 5.1 Spellcasting
 + Level 2.2 Conjurations
 + Level 0.9 Hexes
 + Level 0.9 Charms
 + Level 0.9 Summonings
 + Level 0.9 Necromancy
 + Level 0.9 Translocations
 + Level 0.9 Transmutations
 + Level 5.4 Fire Magic
 + Level 0.9 Ice Magic
 + Level 0.9 Air Magic
 + Level 0.9 Earth Magic
 + Level 0.9 Poison Magic
 + Level 1.2 Invocations
 + Level 1.1 Evocations


You had 12 spell levels left.
You knew the following spells:

 Your Spells              Type           Power        Failure   Level  Hunger
a - Flame Tongue          Conj/Fire      ###..        2%          1    None


Dungeon Overview and Level Annotations

Branches:
Dungeon (3/15)

Altars:

Annotations:
D:3 Robin; Thaneod's ghost, amateur GrTm


Innate Abilities, Weirdness & Mutations

Your experience applies equally to all skills.
You have very sharp teeth.
Your uncanny sense of smell can sniff out nearby items.


Message History

A rat comes into view.
The rat moves out of view.
A hobgoblin comes into view.
Casting: Flame Tongue
Confirm with . or Enter, or press ? or * to list all spells.
Aiming: Flame Tongue
Press: ? - help, Shift-Dir - straight line, f - rat
Aim: a rat The flame tongue misses the rat.
You hit the rat.
You kill the rat!
Casting: Flame Tongue
Confirm with . or Enter, or press ? or * to list all spells.
Aiming: Flame Tongue
Press: ? - help, Shift-Dir - straight line, f - hobgoblin
Aim: a hobgoblin The flame tongue hits the hobgoblin.
The hobgoblin is almost dead.
You closely miss the hobgoblin.
The hobgoblin is almost dead.
The hobgoblin misses you.
You hit the hobgoblin but do no damage.
The hobgoblin is poisoned.
Your bite misses the hobgoblin.
The hobgoblin is almost dead.
You kill the hobgoblin!
Found a brown potion.
A rat comes into view.
A goblin comes into view.
You see here a brown potion.
m - a brown potion
Found a ration.
Found a faded altar of an unknown god.
Thaneod's ghost (amateur Gargoyle Transmuter) comes into view.
Press: ? - help, v - describe, . - travel
Here: Thaneod's ghost (hasn't noticed you)
A faded altar of an unknown god. 2 goblins come into view. 2 goblins come into view.
The goblin shouts!
You hear a shout!
The goblin moves out of view.
Found a stone staircase leading down.
A goblin and Robin come into view.
Robin is wielding a short sword of venom.
A goblin comes into view. It is wielding a club.
The goblin moves out of view.
A goblin comes into view. It is wielding a dagger.
The goblin wields a hunting sling.
The goblin shoots a stone.
The stone hits you.
* * * LOW HITPOINT WARNING * * *
An orc comes into view. It is wielding a mace.
The goblin shouts! x2; Robin shouts!
You hear a shout! x2
You hear an angry hiss. x2
The goblin shoots a stone.
The stone hits you.
* * * LOW HITPOINT WARNING * * *
A hobgoblin comes into view.
You see here a stone.
The goblin shouts! x2
You hit the goblin.
The goblin is poisoned.
You bite the goblin, but do no damage.
The goblin is moderately wounded.
You hear a shout!
You kill the goblin!
The hobgoblin moves out of view.
The goblin shoots a stone.
The stone barely misses you. Robin throws the goblin at you!
You hear a shout!
You hear an angry hiss.
A goblin comes into view. It is wielding a club.
The orc shouts!
You hear a shout!
You see here a goblin corpse.
An orc comes into view. It is wielding a club.
The goblin throws a stone.
The stone barely misses you.
An orc comes into view.
You see here a stone.
An adder comes into view.
The goblin throws a stone.
The stone completely misses you.
You see here a stone.
A goblin comes into view.
The adder hisses angrily.
The goblin throws a stone.
The stone hits you.
* * * LOW HITPOINT WARNING * * *
You see here a stone.
The goblin throws a stone.
The stone misses you. Robin throws the goblin at you!
* * * LOW HITPOINT WARNING * * *
Unknown command.
You miss the goblin. The goblin hits you with a club.
* * * LOW HITPOINT WARNING * * *
It was a potion of haste.
You feel yourself speed up. The goblin misses you.
Robin roars a battlecry!
The goblins go into a battle-frenzy!
You hear a shout!
You hit the goblin.
You kill the goblin!
The goblin throws a stone.
The stone barely misses you.
You closely miss the adder. Your bite misses the adder.
Robin throws the goblin at you!
* * * LOW HITPOINT WARNING * * *
The adder bites you.
* * * LOW HITPOINT WARNING * * *
You are lethally poisoned!
The adder poisons you! The goblin hits you.
You die...

# #...# ..
#....####
#..##....g.#
.......###(# .
.....g..#g###.##.o
..
#.###g#g..(o...o.#
... ..
..##gg.go###.####
#.. #. #.##S#####
... ..#..##.##@#
.. .........g.# #.
######.####
###.### #.#
#.....# #.##
#...<.# #..#
#.....# ##.#
#.....# ###.###
#.....# #.....#


You could see Robin, an adder, a hobgoblin and 4 goblins.

Vanquished Creatures
  2 orc wizards (D:2)
  An adder (D:2)
  2 orcs
  3 goblins
  2 hobgoblins
  6 jackals (D:2)
  A ball python (D:2)
  2 bats
  2 frilled lizards (D:2)
  2 rats
23 creatures vanquished.

Notes
Turn   | Place    | Note
-------+----------+-------------------------------------------
     0 | D:1      | tidbits the Gnoll Fire Elementalist began the quest for the Orb.
     0 | D:1      | Reached XP level 1. HP: 13/13 MP: 6/6
    62 | D:2      | Reached skill level 2 in Conjurations
    86 | D:2      | Reached XP level 2. HP: 16/19 MP: 4/7
   238 | D:2      | HP: 1/20 [orc wizard/dagger (5)]
   240 | D:2      | Reached skill level 5 in Spellcasting
   240 | D:2      | Reached XP level 3. HP: 1/25 MP: 6/9
   243 | D:2      | Reached skill level 1 in Fighting
   243 | D:2      | Reached skill level 1 in Short Blades
   243 | D:2      | Reached skill level 1 in Long Blades
   243 | D:2      | Reached skill level 1 in Axes
   243 | D:2      | Reached skill level 1 in Maces & Flails
   243 | D:2      | Reached skill level 1 in Polearms
   243 | D:2      | Reached skill level 1 in Staves
   243 | D:2      | Reached skill level 1 in Slings
   243 | D:2      | Reached skill level 1 in Bows
   243 | D:2      | Reached skill level 1 in Crossbows
   243 | D:2      | Reached skill level 1 in Throwing
   243 | D:2      | Reached skill level 1 in Armour
   243 | D:2      | Reached skill level 1 in Shields
   243 | D:2      | Reached skill level 1 in Unarmed Combat
   243 | D:2      | Reached skill level 1 in Invocations
   243 | D:2      | Reached skill level 1 in Evocations
   243 | D:2      | Reached XP level 4. HP: 2/32 MP: 3/11
   405 | D:3      | Found a faded altar of an unknown god.
   406 | D:3      | Noticed Thaneod's ghost (amateur GrTm)
   439 | D:3      | Noticed Robin
   455 | D:3      | HP: 1/32 [adder (4)]
   455 | D:3      | Slain by a goblin

Skill      XL: |  1  2  3 |
---------------+----------+-----
Conjurations   | 2 |  2.2
Spellcasting   | 5 |  5.1
Fighting       | 1 |  1.1
Short Blades   | 1 |  1.1
Long Blades    | 1 |  1.1
Axes           | 1 |  1.1
Maces & Flails | 1 |  1.1
Polearms       | 1 |  1.1
Staves         | 1 |  1.1
Slings         | 1 |  1.1
Bows           | 1 |  1.1
Crossbows      | 1 |  1.1
Throwing       | 1 |  1.1
Armour         | 1 |  1.1
Shields        | 1 |  1.1
Unarmed Combat | 1 |  1.1
Invocations    | 1 |  1.2
Evocations     | 1 |  1.1
Dodging        | |  4.6
Stealth        | |  4.2
Hexes          | |  0.9
Charms         | |  0.9
Summonings     | |  0.9
Necromancy     | |  0.9
Translocations | |  0.9
Transmutations | |  0.9
Fire Magic     | |  5.4
Ice Magic      | |  0.9
Air Magic      | |  0.9
Earth Magic    | |  0.9
Poison Magic   | |  0.9

Action                   |  1- 3 |  4- 6 || total
-------------------------+-------+-------++-------
Melee: Short sword       |    21 |    10 ||    31
       Bite              |     4 |     1 ||     5
 Cast: Flame Tongue      |    14 |    10 ||    24
  Use: Potion            |       |     1 ||     1
 Stab: Sleeping          |     1 |     1 ||     2
Armor: Robe              |     3 |     1 ||     4
Dodge: Dodged            |    27 |    11 ||    38

Table legend:
 A = Turns spent in this place as a percentage of turns spent in the entire game.
 B = Non-inter-level travel turns spent in this place as a percentage of non-inter-level travel turns spent in the entire game.
 C = Inter-level travel turns spent in this place as a percentage of turns spent in this place.
 D = Turns resting spent in this place as a percentage of non-inter-level travel turns spent in this place.
 E = Turns spent auto-exploring this place as a percentage of non-inter-level travel turns spent in this place.
 F = Non-inter-level travel turns spent in this place divided by the number of levels of this place that you've seen.
                   A       B       C       D       E      F
               +-------+-------+-------+-------+-------+----------------------
         Total | 100.0 | 100.0 |   0.0 |   0.0 |   0.0 | 151.7
       Dungeon | 100.0 | 100.0 |   0.0 |   0.0 |   0.0 | 151.7
               +-------+-------+-------+-------+-------+----------------------

Table legend:
 A = Kills in this place as a percentage of kills in entire the game.
 B = Kills by you in this place as a percentage of kills by you in the entire game.
 C = Kills by friends in this place as a percentage of kills by friends in the entire game.
 D = Other kills in this place as a percentage of other kills in the entire game.
 E = Experience gained in this place as a percentage of experience gained in the entire game.
 F = Experience gained in this place divided by the number of levels of this place that you have seen.
                   A       B       C       D       E      F
               +-------+-------+-------+-------+-------+----------------------
         Total | 100.0 | 100.0 |   N/A |   N/A | 100.0 |  40.3
       Dungeon | 100.0 | 100.0 |   N/A |   N/A | 100.0 |  40.3
               +-------+-------+-------+-------+-------+----------------------

Vault maps used:
D:1:      lemuel_arrival_broad_hall
D:3:      lemuel_crystal_altar, chequers_ecumenical_altar_island, uniq_terence,
          uniq_robin
